 Dungeon Crawl Stone Soup version 0.30-a0-335-ge5acde7520 (webtiles) character file.

Game seed: 15993677595660768608

88 billz999 the Sneak (level 4, -3/30 HPs)
             Began as a Vampire Earth Elementalist on Oct 31, 2022.
             Killed by divine providence
             ... invoked by an orc priest
              (16 damage)
             ... on level 3 of the Dungeon.
             The game lasted 00:04:10 (2854 turns).

billz999 the Sneak (Vampire Earth Elementalist)     Turns: 2854, Time: 00:04:10

Health: -3/30      AC:  6    Str:  7    XL:     4   Next: 29%
Magic:  7/7        EV: 11    Int: 23    God:
Gold:   137        SH:  0    Dex: 16    Spells: 2/7 levels left

rFire   . . .      SeeInvis +    g - +2 whip (pain)
rCold   + . .      Faith    .    (no shield)
rNeg    . . .      Spirit   .    v - +2 leather armour of the Stag {rPois Int+4 Dex+2}
rPois   +          Reflect  .    (no helmet)
rElec   .          Harm     .    (no cloak)
rCorr   .          Rampage  .    (no gloves)
Will    .....                    l - +0 pair of boots
Stlth   +++.......               (no amulet)
HPRegen 0.45/turn                o - ring of protection from cold
MPRegen 0.10/turn                (no ring)

@: healing quickly
A: alive, fangs 3, see invisible, vampiric 2
a: Exsanguinate


You were on level 3 of the Dungeon.
You visited 1 branch of the dungeon, and saw 3 of its levels.

You collected 137 gold pieces.

Inventory:

Hand Weapons
 e - a +0 club
 g - a +2 whip of pain (weapon)
 m - a +0 dagger
Missiles
 d - 4 poisoned darts
Armour
 a - a +0 robe
 l - a +0 pair of boots (worn)
 v - the +2 leather armour of the Stag (worn) {rPois Int+4 Dex+2}
   (You found it on level 3 of the Dungeon)

   Int:       It affects your intelligence (+4).
   Dex:       It affects your dexterity (+2).
   rPois:     It protects you from poison.
Jewellery
 o - a ring of protection from cold (left hand)
Scrolls
 i - 2 scrolls of vulnerability {unknown}
 j - 2 scrolls of identify {unknown}
 k - a scroll of summoning {unknown}
 p - a scroll of immolation {unknown}
 q - a scroll of teleportation {unknown}
 u - a scroll of fear {unknown}
Potions
 c - a potion of haste {unknown}
 f - 2 potions of curing {unknown}
 h - a potion of invisibility {unknown}
 n - a potion of ambrosia {unknown}
 r - a potion of attraction {unknown}
 s - a potion of flight {unknown}
 t - 2 potions of lignification {unknown}


   Skills:
 - Level 2.1 Dodging
 + Level 4.8 Stealth
 - Level 2.0 Spellcasting
 * Level 3.8 Transmutations
 - Level 3.0 Earth Magic


You had 2 spell levels left.
You knew the following spells:

 Your Spells              Type           Power      Damage    Failure   Level
a - Sandblast             Erth           32%        2d9       5%          1
b - Petrify               Tmut/Erth      18%        N/A       43%         4

Your spell library contained the following spells:

 Spells                   Type           Power      Damage    Failure   Level
 Passwall                 Tmut/Erth      15%        N/A       7%          2
 Stone Arrow              Conj/Erth      18%        3d8       30%         3


Dungeon Overview and Level Annotations

Branches:
Dungeon (3/15)

Altars:
Nemelex Xobeh
Okawaru


Innate Abilities, Weirdness & Mutations

Your natural rate of healing is accelerated.
You have razor-sharp teeth.
You have supernaturally acute eyesight. (SInv)
You are afflicted with vampirism and can become a bat while bloodless.


Message History

The blast of sand misses the orc priest.
The orc priest hits you with a +0 club.
The orc priest invokes the aid of Beogh against you.
You barely resist. You closely miss the orc priest.
The orc priest is severely wounded.
The orc priest hits you but does no damage.
You barely miss the orc priest.
You bite the orc priest, but do no damage.
The orc priest is severely wounded.
The orc priest hits you with a +0 club.
You hit the orc priest but do no damage.
The orc priest is severely wounded.
The orc priest looks satisfied for a moment.
You barely miss the orc priest. Your bite misses the orc priest.
The orc priest is severely wounded.
The orc priest hits you with a +0 club.
You closely miss the orc priest.
The orc priest is severely wounded.
The orc priest calls down the wrath of Beogh upon you.
Pain shoots through your body!
You are too injured to fight recklessly!
You barely miss the orc priest.
The orc priest is severely wounded.
The orc priest hits you with a +0 club.
You hit the orc priest.
The orc priest is severely wounded.
The orc priest barely misses you. Magic courses through your body.
The orc priest hits you but does no damage.
Casting: Sandblast (safe; 5% risk of failure)
Confirm with . or Enter, or press ? or * to list all spells.
Aiming: Sandblast (safe; 5% risk of failure)
Press: ? - help, Shift-Dir - straight line, f/p - orc priest
Aim: an orc priest, wielding a +0 club and wearing a +0 ring mail (severely wounded, 84% to hit)
The blast of sand misses the orc priest.
The orc priest invokes the aid of Beogh against you.
Beogh smites you!
Ouch! That really hurt!
You die...

#.....#....##.##.# #.#
#.....#....##.##.###### #.#
####.....#.....#.##......# #.#
................>#######.# #.#
#####.####.............#.# #.# #
#..................#.# #.#
##############.#.#######.# #.#
'..............o......##.# #.#
########...###.#@####.##.#####.#
# #...#.#.#.# #.#<.......##
###### #.....#.#.# #.##)######.#
)....# #.....#.#.# #.....#.....#
####.###.....#.#.# #######.###.#
#...#.....#.#.# #.# #.#
######.#.....#o#.# #.# #.#
.............#.#.# #.# #.#
######)..##.##.#.# #####.# #.#


You could see an orc priest.

Vanquished Creatures
  An adder (D:2)
  A shadow imp (D:3)
  4 dart slugs
  3 orcs
  7 ball pythons
  4 bats
  4 endoplasms
  3 giant cockroaches
  5 goblins
  5 hobgoblins
  2 jackals (D:2)
  5 kobolds
  5 quokkas
  4 rats
53 creatures vanquished.

Notes
Turn   | Place    | Note
-------+----------+-------------------------------------------
     0 | D:1      | billz999 the Vampire Earth Elementalist began the quest for
                  | the Orb.
     0 | D:1      | Reached XP level 1. HP: 13/13 MP: 3/3
   334 | D:1      | Reached XP level 2. HP: 19/19 MP: 3/5
   948 | D:1      | Reached skill level 4 in Stealth
   948 | D:1      | Gained mutation: You are afflicted with vampirism and can
                  | become a bat while bloodless. [Vampire growth]
   948 | D:1      | Reached XP level 3. HP: 24/24 MP: 2/6
  1641 | D:2      | Found an iron altar of Okawaru.
  1861 | D:2      | Reached XP level 4. HP: 30/30 MP: 5/7
  1972 | D:2      | Identified the +1 chain mail "Coivvekk" {Int+3}
  2062 | D:3      | Learned a level 4 spell: Petrify
  2108 | D:3      | Found a sparkling altar of Nemelex Xobeh.
  2533 | D:3      | Found a faded altar of an unknown god.
  2639 | D:3      | Identified the +2 leather armour of the Stag {rPois Int+4
                  | Dex+2}
  2854 | D:3      | Killed from afar by an orc priest

Illustrated notes

Levels and vault maps discovered:
D:1:      matt_arrival_los_fun, layout_loops_corners
D:2:      layout_rooms, basic_altar, minmay_box_of_dots
D:3:      layout_basic, lemuel_tele_altar, ebering_ecumenical_altar_box

Skill      XL: |  1  2  3 |
---------------+----------+-----
Transmutations | 2 3 |  3.8
Stealth        | 4 |  4.8
Dodging        | |  2.1
Spellcasting   | |  2.0
Earth Magic    | |  3.0

Action                   |  1- 3 |  4- 6 || total
-------------------------+-------+-------++-------
Melee: Unarmed           |     8 |       ||     8
       Whip              |     5 |    12 ||    17
       Bite              |     1 |     1 ||     2
 Cast: Sandblast         |    64 |    30 ||    94
  Use: Potion            |       |     1 ||     1
Armor: Robe              |     9 |     1 ||    10
       Leather armour    |       |     4 ||     4
Dodge: Dodged            |    24 |    11 ||    35

Table legend: (Time is in decaauts)
 A = Elapsed time spent in this place.
 B = Non-inter-level travel time spent in this place.
 C = Inter-level travel time spent in this place.
 D = Time resting spent in this place.
 E = Time spent auto-exploring this place.
 F = Levels seen in this place.
 G = Mean time per level.
                   A        B        C        D        E       F      G
               +--------+--------+--------+--------+--------+-----+--------+
         Total |   2901 |   2789 |    112 |     91 |   2339 |   3 |  967.0 |
       Dungeon |   2901 |   2789 |    112 |     91 |   2339 |   3 |  967.0 |
               +--------+--------+--------+--------+--------+-----+--------+

Top non-repeatable levels by time:
     D:1: 1399 daAuts
     D:3: 803 daAuts
     D:2: 699 daAuts
